 Dungeon Crawl Stone Soup version 0.30-a0-840-ga523dec638 (webtiles) character file.

Game seed: 4545097113655095781

93 cforsyth the Sneak (level 4, -1/28 HPs)
             Began as a Kobold Brigand on Mar 2, 2023.
             Slain by a gnoll
             ... wielding a +0 halberd
              (3 damage)
             ... on level 3 of the Dungeon.
             The game lasted 00:02:49 (2414 turns).

cforsyth the Sneak (Kobold Brigand)                 Turns: 2414, Time: 00:02:49

Health: -1/28      AC:  4    Str:  8    XL:     4   Next: 92%
Magic:  4/4        EV: 15    Int: 12    God:
Gold:   176        SH:  0    Dex: 18    Spells: 3/3 levels left

rFire   . . .      SeeInvis .    a - +2 dagger
rCold   . . .      Faith    .    (no shield)
rNeg    . . .      Spirit   .    b - +0 robe
rPois   .          Reflect  .    l - +0 helmet
rElec   .          Harm     .    c - +0 cloak
rCorr   .          Rampage  .    (no gloves)
Will    .....                    (no boots)
Stlth   ++++                     (no amulet)
HPRegen 0.24/turn                (no ring)
MPRegen 0.09/turn                (no ring)

@: no status effects
A: small, no large weapons, nightstalker 3
a: no special abilities


You were on level 3 of the Dungeon.
You visited 1 branch of the dungeon, and saw 3 of its levels.

You collected 176 gold pieces.

Inventory:

Hand Weapons
 a - a +2 dagger (weapon)
Missiles
 d - 9 poisoned darts (quivered)
 e - 3 curare-tipped darts
Armour
 b - a +0 robe (worn)
 c - a +0 cloak (worn)
 l - a +0 helmet (worn)
Jewellery
 n - a ring of willpower
 q - a ring of fire
Scrolls
 i - 2 scrolls of identify {unknown}
 j - a scroll of noise {unknown}
 m - a scroll of teleportation {unknown}
 o - a scroll of poison {unknown}
 p - a scroll of immolation {unknown}
 r - a scroll of fog {unknown}
Potions
 f - a potion of flight {unknown}
 g - a potion of degeneration {unknown}
 h - 2 potions of haste {unknown}
 k - a potion of curing {unknown}


   Skills:
 + Level 3.1 Fighting
 + Level 3.8 Short Blades
 - Level 2.1 Throwing
 + Level 2.7 Dodging
 + Level 6.2 Stealth


You had 3 spell levels left.
You didn't know any spells.
Your spell library contained the following spells:

 Spells                   Type           Power      Damage    Failure   Level
 Ensorcelled Hibernation  Hex/Ice        0%         N/A       45%         2
 Passwall                 Tmut/Erth      0%         N/A       45%         2
 Swiftness                Air            0%         N/A       69%         3
 Anguish                  Hex/Necr       0%         N/A       97%         4
 Enfeeble                 Hex            0%         N/A       100%        7


Dungeon Overview and Level Annotations

Branches:
Dungeon (3/15)

Altars:


Innate Abilities, Weirdness & Mutations

You are small and have problems with some larger weapons.
You are completely attuned to the shadows.


Message History

The endoplasm misses you.
You hit the endoplasm.
The endoplasm is heavily wounded.
You hit the endoplasm.
You kill the endoplasm!
No target in view!
No target in view!
No target in view!
Found 5 stones.
A gnoll comes into view. It is wielding a +0 club.
A gnoll is nearby!
The gnoll shouts!
A gnoll comes into view. It is wielding a +0 halberd.
A gnoll comes into view. It is wielding a +0 spear.
Found a scroll labelled RAPHYUKUCO.
The gnoll misses you. The gnoll closely misses you.
The gnoll moves out of view.
You completely miss the gnoll. The gnoll hits you with a +0 club.
The gnoll completely misses you.
You hit the gnoll.
The gnoll is moderately wounded.
The gnoll misses you. The gnoll closely misses you.
You hit the gnoll.
The gnoll is heavily wounded.
The gnoll hits you with a +0 club!
The gnoll hits you from afar with a +0 halberd!
You hit the gnoll.
The gnoll is almost dead.
You hit the gnoll.
You kill the gnoll!
The gnoll hits you from afar with a +0 halberd.
* * * LOW HITPOINT WARNING * * *
The gnoll barely misses you. The gnoll hits you but does no damage.
You see here a +0 club.
You hit the gnoll.
The gnoll is heavily wounded.
The gnoll misses you. The gnoll hits you with a +0 halberd!
* * * LOW HITPOINT WARNING * * *
The gnoll attacks as you move away! The gnoll closely misses you.
The gnoll hits you from afar with a +0 halberd.
You die...

#).#.##.##...#.
#..#.##.##...#
#..#.##......#
##...........#####
#.[.......#......
#.##########.#### #
###................ ..
##....##.....########.##
................@)gg....
##....##.....######.....
#....##.....# #.....
#....##.....# #.....
#....##.....# #....?
#....##.....#
#(...##.....##
#............#
##............#


You could see 2 gnolls.

Vanquished Creatures
  Robin (D:2)
  A gnoll (D:3)
  3 worms
  3 dart slugs
  A ball python (D:1)
  4 endoplasms
  2 giant cockroaches (D:1)
  10 goblins
  10 hobgoblins
  6 jackals (D:1)
  A quokka (D:2)
  A bat (D:1)
  2 frilled lizards
  A kobold (D:1)
  5 rats
51 creatures vanquished.

Notes
Turn   | Place    | Note
-------+----------+-------------------------------------------
     0 | D:1      | cforsyth the Kobold Brigand began the quest for the Orb.
     0 | D:1      | Reached XP level 1. HP: 12/12 MP: 1/1
   273 | D:1      | Reached XP level 2. HP: 10/18 MP: 2/2
   546 | D:1      | Reached XP level 3. HP: 16/22 MP: 3/3
  1172 | D:2      | Noticed Robin
  1223 | D:2      | Reached XP level 4. HP: 25/27 MP: 4/4
  1235 | D:2      | Killed Robin
  1236 | D:2      | Reached skill level 6 in Stealth
  1686 | D:2      | Found a faded altar of an unknown god.
  2414 | D:3      | Slain by a gnoll

Illustrated notes

Levels and vault maps discovered:
D:1:      dpeg_arrival_court, layout_loops_corners, minmay_misc_feat_five,
          st_stairs_12, minmay_statues_item, fountainhead,
          grunt_decor_mini_mirrors, due_unseen_surprise
D:2:      layout_loops_ring, shapermc_ecumenical_altar_acropolis,
          grunt_ministairs_2, st_stairs_10, uniq_robin
D:3:      layout_basic, nicolae_elevator_lobby_asterisk

Skill      XL: |  1  2  3  4 |
---------------+-------------+-----
Short Blades   | 3 |  3.8
Dodging        | 2 |  2.7
Stealth        | 6 |  6.2
Fighting       | 3 |  3.1
Throwing       | |  2.1

Action                     |  1- 3 |  4- 6 || total
---------------------------+-------+-------++-------
  Melee: Dagger            |    89 |    89 ||   178
         Punch             |     2 |       ||     2
   Stab: Sleeping          |    14 |     5 ||    19
 Armour: Robe              |    12 |    10 ||    22
  Dodge: Dodged            |    41 |    39 ||    80

Table legend: (Time is in decaauts)
 A = Elapsed time spent in this place.
 B = Non-inter-level travel time spent in this place.
 C = Inter-level travel time spent in this place.
 D = Time resting spent in this place.
 E = Time spent auto-exploring this place.
 F = Levels seen in this place.
 G = Mean time per level.
                   A        B        C        D        E       F      G
               +--------+--------+--------+--------+--------+-----+--------+
         Total |   2385 |   2346 |     39 |    172 |   1788 |   3 |  795.0 |
       Dungeon |   2385 |   2346 |     39 |    172 |   1788 |   3 |  795.0 |
               +--------+--------+--------+--------+--------+-----+--------+

Top non-repeatable levels by time:
     D:1: 1045 daAuts
     D:2: 996 daAuts
     D:3: 343 daAuts
